Map: [ESL] Cosmic Sapphire

Players

Astrea - Winner!

  • Race: Protoss Protoss
  • Spawn Location: 11:00

Scarlett

  • Race: Zerg Zerg
  • Spawn Location: 5:00

Event: DreamHack SC2 Masters 2022 Atlanta (Online)

VOD

Have the link to the VOD?

Description

Time

  • Played on: Oct. 9, 2022, 3:55 p.m.
  • Length: 19:27

All games in this series

Show
View Real Time Build Order
Export as new Build Order

Astrea Protoss - Winner!

Build Orders: Nexus First, Oracle Opening, Archon Immortal, Carriers 

Get SALT Encoding   

  12  0:00  Probe  
  13  0:12  Probe  
  14  0:18  Pylon  
  14  0:24  Probe  
  15  0:36  Probe  
  16  0:48  Probe  
  17  0:56  Nexus  
  17  1:07  Gateway  
  17  1:10  Probe  
  18  1:21  Assimilator  
  18  1:22  Probe (Chrono Boost)  
  19  1:32  Probe (Chrono Boost), Assimilator  
  20  1:37  Probe (Chrono Boost)  
  21  1:40  Gateway  
  21  1:49  Probe  
  22  1:56  Cybernetics Core  
  23  2:02  Probe (Chrono Boost)  
  23  2:06  Pylon  
  23  2:09  Probe (Chrono Boost)  
  25  2:18  Probe (Chrono Boost)  
  25  2:19  Probe (Chrono Boost)  
  26  2:24  Probe (Chrono Boost)  
  26  2:25  Probe  
  26  2:29  Adept (Chrono Boost)  
  28  2:30  Adept (Chrono Boost)  
  28  2:33  Warp Gate  
  28  2:36  Probe  
  33  2:38  Probe  
  34  2:47  Stargate  
  34  2:48  Probe  
  34  2:50  Probe  
  36  2:56  Stalker  
  38  3:00  Probe  
  38  3:02  Probe  
  40  3:10  Pylon  
  40  3:12  Probe  
  41  3:14  Probe  
  42  3:24  Probe  
  43  3:28  Oracle (Chrono Boost)  
  43  3:32  Probe  
  47  3:34  Pylon  
  47  3:37  Adept x2  
  47  3:40  Probe  
  52  3:44  Probe  
  53  3:53  Probe  
  54  3:56  Probe  
  54  4:02  Oracle (Chrono Boost)  
  54  4:05  Probe  
  54  4:08  Probe  
  59  4:15  Pylon  
  59  4:17  Probe  
  59  4:21  Probe  
  59  4:22  Adept  
  62  4:25  Nexus  
  62  4:26  Assimilator, Pylon  
  62  4:27  Assimilator  
  62  4:32  Twilight Council, Forge  
  62  4:33  Probe x2 (Chrono Boost)  
  62  4:35  Adept  
  66  4:43  Pylon  
  68  4:45  Probe (Chrono Boost)  
  68  4:46  Probe (Chrono Boost)  
  68  4:47  Pylon  
  68  4:51  Probe (Chrono Boost)  
  69  4:53  Robotics Facility, Probe (Chrono Boost)  
  69  4:59  Probe  
  70  5:06  Probe  
  70  5:11  Probe  
  70  5:12  Protoss Ground Weapons Level 1  
  70  5:13  Charge  
  71  5:16  Gateway  
  71  5:17  Gateway  
  71  5:18  Probe  
  72  5:24  Shield Battery, Probe  
  73  5:30  Zealot x2, Probe  
  78  5:38  Probe x2  
  78  5:41  Observer (Chrono Boost)  
  81  5:43  Probe  
  81  5:44  Templar Archives  
  81  5:48  Gateway  
  82  5:51  Probe, Gateway  
  82  5:52  Assimilator  
  82  5:56  Warp Prism (Chrono Boost)  
  85  5:57  Probe  
  85  5:59  Assimilator  
  85  6:02  Probe  
  85  6:03  Probe  
  84  6:07  Gateway x2  
  84  6:09  Probe  
  85  6:15  Probe x2  
  87  6:21  Probe  
  88  6:26  Immortal (Chrono Boost)  
  88  6:27  Probe  
  88  6:31  Zealot, High Templar x2  
  99  6:33  Zealot, Pylon  
  99  6:34  Archon  
  101  6:40  Shield Battery  
  101  6:46  High Templar  
  101  6:47  High Templar  
  105  6:50  Pylon  
  105  6:51  Archon  
  105  6:54  Pylon  
  105  6:56  Pylon  
  105  6:58  Zealot  
  105  7:00  Zealot  
  109  7:04  Immortal  
  112  7:09  Zealot x2, High Templar x2  
  112  7:13  Archon  
  120  7:17  Nexus  
  120  7:18  Zealot  
  120  7:19  Zealot  
  120  7:22  Zealot x2  
  124  7:34  Probe x3  
  124  7:36  Pylon x2  
  127  7:43  Immortal, Protoss Ground Weapons Level 2 (Chrono Boost)  
  129  7:44  High Templar x2  
  129  7:48  Pylon  
  129  7:49  Archon, Psionic Storm, Pylon  
  133  7:52  Pylon x2  
  133  7:56  Probe  
  134  7:59  Probe  
  134  8:05  Probe  
  136  8:07  Photon Cannon  
  136  8:08  Probe  
  136  8:09  Photon Cannon  
  136  8:11  Shield Battery, Zealot x3  
  136  8:12  Zealot x3  
  146  8:19  Probe  
  147  8:22  Probe  
  147  8:23  Probe  
  147  8:27  High Templar x2  
  141  8:30  Probe  
  141  8:31  Probe  
  141  8:34  Probe  
  144  8:35  Immortal  
  144  8:37  High Templar x2  
  144  8:40  Probe  
  153  8:46  Probe x2  
  155  8:49  Photon Cannon  
  155  8:51  High Templar x2  
  155  8:52  Zealot x2  
  155  8:54  Assimilator  
  155  8:55  Assimilator  
  163  8:56  Gateway  
  163  8:57  Gateway  
  163  9:11  Zealot x4  
  163  9:12  Zealot x2  
  163  9:14  Immortal  
  157  9:29  Blink  
  155  9:35  Zealot x8  
  171  9:41  Photon Cannon  
  171  9:44  Photon Cannon  
  171  9:47  Photon Cannon  
  171  9:54  Stargate, Fleet Beacon  
  171  9:57  Stargate, Protoss Air Weapons Level 1 (Chrono Boost)  
  171  9:58  High Templar  
  171  9:59  High Templar  
  175  10:06  Archon  
  173  10:18  Observer  
  173  10:21  Nexus  
  172  10:23  High Templar x4  
  172  10:27  Archon  
  172  10:28  Archon  
  180  10:32  Pylon  
  177  10:45  Zealot x6  
  177  10:46  Immortal (Chrono Boost)  
  183  10:58  Zealot  
  177  11:07  Zealot x5  
  177  11:09  Stalker x2  
  177  11:10  Stalker x5  
  186  11:18  Immortal  
  161  11:21  Probe  
  154  11:27  Carrier x3  
  154  11:29  Photon Cannon  
  172  11:34  Zealot x5  
  172  11:35  Pylon  
  172  11:38  Pylon  
  153  11:57  Immortal  
  153  11:59  High Templar x2  
  153  12:00  Zealot x3  
  155  12:03  Probe x4  
  155  12:08  High Templar  
  158  12:10  Stalker x2  
  162  12:19  High Templar  
  162  12:21  Zealot x4  
  170  12:36  Warp Prism  
  170  12:38  Carrier (Chrono Boost)  
  164  12:47  Nexus  
  154  12:59  High Templar x5  
  154  13:00  Photon Cannon  
  154  13:01  Protoss Air Weapons Level 2 (Chrono Boost)  
  154  13:02  Shield Battery  
  154  13:03  Archon  
  164  13:07  Photon Cannon  
  164  13:11  Pylon  
  164  13:17  Observer (Chrono Boost)  
  165  13:22  Carrier  
  169  13:31  Photon Cannon  
  169  13:33  Photon Cannon  
  169  13:35  Photon Cannon  
  169  13:40  Unknown  
  169  13:41  Zealot x3  
  171  13:42  Zealot  
  177  13:51  Carrier x2 (Chrono Boost)  
  170  14:11  Zealot x6  
  170  14:12  Zealot  
  167  14:25  Carrier (Chrono Boost)  
  159  14:50  Nexus  
  159  14:53  High Templar  
  159  14:55  Zealot x4  
  159  14:57  High Templar x2  
  159  14:58  High Templar x2  
  159  14:59  Immortal  
  181  15:02  Archon  
  181  15:07  Photon Cannon  
  181  15:10  Pylon  
  181  15:13  Carrier  
  183  15:30  Carrier  
  189  15:43  Carrier  
  180  16:15  Carrier (Chrono Boost)  
  180  16:23  Photon Cannon  
  180  16:24  Photon Cannon  
  180  16:25  Protoss Air Weapons Level 3 (Chrono Boost)  
  180  16:30  Zealot x7  
  180  16:31  Zealot  
  192  16:39  Probe  
  163  16:42  Zealot x5  
  163  16:44  High Templar x2  
  173  16:49  Photon Cannon  
  171  17:07  Pylon  
  171  17:10  Photon Cannon  
  171  17:12  Shield Battery  
  171  17:18  High Templar  
  171  17:19  High Templar x8  
  171  17:21  High Templar  
  191  17:26  Archon x5  
  191  17:28  Photon Cannon  
  191  17:31  Probe x2  
  193  17:49  Oracle  
  195  17:56  Pylon  
  189  18:07  Zealot x4  
  195  18:22  Probe x3  
  180  18:38  High Templar x10  
  200  18:43  Archon x5  
  193  18:58  Probe x4  
  193  18:59  Probe  
  186  19:10  Probe  
Show
View Real Time Build Order
Export as new Build Order

Scarlett Zerg 

Build Orders: Hatch First, Lurkers 

Get SALT Encoding   

  12  0:01  Drone  
  13  0:12  Overlord  
  13  0:17  Drone  
  14  0:31  Drone x2  
  16  0:37  Drone  
  17  1:04  Drone  
  17  1:05  Hatchery  
  17  1:07  Drone  
  17  1:10  Extractor  
  17  1:21  Drone  
  17  1:24  Spawning Pool, Drone  
  18  1:28  Drone  
  19  1:39  Drone  
  20  1:52  Drone, Hatchery  
  20  2:01  Drone  
  21  2:11  Metabolic Boost  
  21  2:14  Zergling x2  
  22  2:17  Queen  
  22  2:22  Drone  
  25  2:27  Queen  
  27  2:31  Drone  
  27  2:35  Overlord  
  28  2:52  Queen  
  28  2:55  Zergling x2  
  28  2:56  Zergling x6  
  28  2:57  Drone  
  35  3:04  Queen  
  37  3:07  Queen  
  37  3:11  Overlord  
  39  3:17  Drone x2  
  41  3:24  Drone  
  42  3:28  Overlord  
  42  3:31  Queen  
  42  3:32  Drone  
  45  3:35  Drone  
  45  3:38  Drone x2  
  45  3:39  Drone  
  49  3:44  Drone  
  49  3:48  Queen  
  52  3:49  Drone  
  52  3:56  Drone  
  52  3:57  Drone x3  
  52  4:00  Overlord  
  56  4:04  Overlord  
  56  4:07  Overlord  
  56  4:13  Drone x4  
  58  4:17  Spore Crawler  
  58  4:18  Drone  
  58  4:24  Drone x4  
  58  4:30  Drone  
  58  4:31  Drone x3  
  66  4:36  Zergling x6  
  69  4:40  Evolution Chamber  
  69  4:42  Queen  
  69  4:43  Zergling x2  
  71  4:46  Zergling x6  
  71  4:47  Zergling x2  
  71  4:48  Zergling x2  
  71  4:51  Zergling x6  
  79  4:54  Zergling x2  
  79  4:55  Zergling x2  
  81  5:06  Zerg Melee Weapons Level 1  
  81  5:07  Drone x5  
  81  5:13  Spore Crawler  
  81  5:16  Spore Crawler, Drone  
  81  5:17  Overlord  
  81  5:21  Lair  
  81  5:23  Drone  
  82  5:28  Hatchery  
  82  5:34  Overlord  
  80  5:37  Drone x7  
  80  5:38  Drone  
  80  5:41  Drone x2  
  90  5:43  Extractor  
  90  5:44  Drone  
  90  5:46  Overlord, Extractor  
  89  5:56  Drone x9  
  97  5:58  Extractor  
  95  6:12  Drone x6  
  95  6:16  Extractor  
  95  6:17  Overlord x2  
  100  6:23  Hatchery  
  97  6:27  Zergling x16  
  97  6:29  Hydralisk Den  
  97  6:31  Overlord x2  
  104  6:38  Hatchery  
  103  6:42  Extractor  
  103  6:44  Drone  
  103  6:45  Baneling Nest  
  102  6:53  Zergling x22  
  102  6:54  Zergling x2  
  114  6:57  Zergling x8  
  118  7:03  Zerg Melee Weapons Level 2  
  118  7:04  Muscular Augments  
  118  7:05  Zergling x4  
  118  7:07  Zergling x2  
  118  7:08  Zergling x2  
  122  7:12  Zergling x8  
  125  7:28  Baneling x6, Centrifugal Hooks  
  123  7:30  Baneling x5  
  123  7:34  Drone x7  
  123  7:35  Drone x5  
  134  7:48  Spore Crawler  
  133  7:53  Hydralisk x7  
  145  8:02  Drone x3  
  147  8:11  Overlord x3  
  147  8:16  Grooved Spines  
  147  8:19  Baneling x11  
  142  8:26  Hydralisk x5  
  131  8:30  Drone  
  131  8:31  Drone  
  143  8:35  Spore Crawler, Drone  
  143  8:36  Infestation Pit, Drone  
  143  8:39  Drone x3  
  147  8:42  Spore Crawler  
  147  8:44  Drone x3  
  149  8:51  Hydralisk  
  149  8:52  Hydralisk x2  
  149  8:53  Extractor  
  149  8:54  Drone x3, Extractor  
  149  8:55  Drone x3  
  159  8:58  Zergling x14  
  159  8:59  Zergling x4  
  159  9:00  Overseer  
  167  9:10  Hydralisk x2  
  169  9:18  Zergling x8  
  167  9:25  Hive  
  167  9:27  Lurker Den  
  163  9:35  Zerg Missile Weapons Level 1  
  163  9:38  Spore Crawler, Zergling x14  
  169  9:39  Overlord x3  
  169  9:41  Drone x2  
  169  9:42  Spine Crawler  
  169  9:43  Spine Crawler  
  169  9:44  Drone  
  169  9:45  Spine Crawler  
  169  9:54  Spore Crawler  
  169  9:56  Zergling x8  
  169  9:59  Overlord  
  171  10:07  Baneling x5  
  171  10:10  Spine Crawler  
  171  10:13  Overseer  
  168  10:16  Zergling x30  
  182  10:21  Baneling x10  
  182  10:33  Baneling x10  
  182  10:37  Lurker x2, Seismic Spines  
  182  10:38  Adrenal Glands  
  182  10:40  Evolution Chamber  
  182  10:41  Zergling x32  
  193  10:43  Lurker x5  
  193  10:46  Zergling x4  
  199  10:53  Overseer x2  
  199  10:54  Pneumatized Carapace  
  184  11:11  Drone x18  
  200  11:18  Zergling x2, Hydralisk x6  
  174  11:19  Zergling x4  
  174  11:21  Hydralisk x4  
  184  11:27  Lurker x3  
  184  11:31  Lurker  
  179  11:42  Hydralisk x5  
  179  11:43  Zergling x16  
  181  11:52  Zergling x24  
  172  11:57  Adaptive Talons  
  166  12:03  Lurker  
  166  12:04  Zerg Melee Weapons Level 3  
  166  12:07  Extractor x2  
  165  12:10  Drone x2  
  165  12:11  Drone x4  
  165  12:14  Zerg Missile Weapons Level 2  
  172  12:15  Zergling x10  
  172  12:17  Drone  
  172  12:21  Hatchery  
  176  12:27  Zergling x2, Hydralisk x6  
  172  12:41  Drone x4  
  172  12:42  Drone  
  169  12:48  Lurker x4  
  169  12:49  Lurker  
  171  12:57  Zergling x10  
  171  12:58  Zergling x22  
  187  13:03  Baneling x6  
  187  13:13  Lurker x4  
  187  13:17  Overseer  
  191  13:21  Spire  
  191  13:23  Zergling x2  
  191  13:24  Zergling x16  
  199  13:28  Baneling x9  
  199  13:40  Spore Crawler, Spine Crawler  
  197  13:53  Spire  
  195  13:57  Zergling x2  
  195  13:58  Zergling x16  
  194  14:05  Hydralisk x2  
  192  14:18  Extractor x2  
  192  14:22  Hydralisk x8  
  192  14:23  Hydralisk  
  194  14:33  Viper x2  
  200  14:42  Spore Crawler x2  
  200  14:43  Spore Crawler x2  
  200  14:44  Spore Crawler, Greater Spire  
  195  14:46  Zerg Ground Armor Level 1, Zerg Missile Weapons Level 3  
  195  15:01  Corruptor x2  
  195  15:02  Overseer  
  199  15:08  Spore Crawler  
  199  15:09  Spore Crawler x2  
  199  15:10  Corruptor x2  
  200  15:24  Zerg Flyer Weapons Level 1  
  200  15:25  Overseer x3  
  200  15:31  Spore Crawler x3  
  200  15:32  Spore Crawler x2  
  195  15:39  Corruptor x3  
  195  15:40  Spore Crawler x2  
  195  15:42  Spore Crawler  
  195  15:50  Corruptor x3  
  195  15:58  Corruptor x3  
  199  16:11  Overlord x3  
  193  16:15  Overlord x2  
  191  16:21  Zerg Flyer Armor Level 1  
  179  16:36  Corruptor x11  
  193  16:44  Corruptor x4  
  198  16:50  Spine Crawler x2  
  198  16:51  Spine Crawler  
  198  16:53  Zergling x2, Spine Crawler  
  191  17:03  Hatchery  
  191  17:07  Zergling x20  
  188  17:25  Drone x3  
  191  17:33  Pathogen Glands  
  191  17:39  Hydralisk x5  
  188  17:53  Hydralisk x10  
  188  17:55  Lurker x4  
  188  17:56  Lurker  
  175  18:08  Lurker x10  
  175  18:10  Hydralisk x6  
  166  18:21  Hydralisk  
  166  18:22  Hydralisk x7  
  154  18:35  Hydralisk x4  
  154  18:36  Hydralisk  
  154  18:39  Overlord x4  
  161  18:53  Hydralisk x10  
  147  19:03  Hydralisk x4  
Tags
 
Add a new tag
Caveats
  • Supply blocks, unpowered buildings, or Contaminate may cause inaccurate times.
  • Supply counts are checked every 10 seconds.